Map: [ESL] NeoHumanity

Players

ShoWTimE

  • Race: Protoss Protoss
  • Spawn Location: 11:00

MaxPax - Winner!

  • Race: Protoss Protoss
  • Spawn Location: 5:00

Event: ESL SC2 Masters 2023 Summer (Regionals)

VOD

Have the link to the VOD?

Description

Time

  • Played on: May 18, 2023, 11:31 a.m.
  • Length: 4:20

All games in this series

Show
View Real Time Build Order
Export as new Build Order

ShoWTimE Protoss 

Build Orders:  

Get SALT Encoding   

  12  0:00  Probe  
  13  0:12  Probe  
  14  0:17  Pylon  
  14  0:24  Probe (Chrono Boost)  
  15  0:36  Probe (Chrono Boost), Gateway  
  16  0:44  Probe (Chrono Boost)  
  16  0:45  Assimilator  
  17  0:50  Probe  
  18  1:01  Assimilator  
  18  1:03  Probe (Chrono Boost)  
  19  1:07  Gateway  
  19  1:13  Probe (Chrono Boost)  
  19  1:18  Probe (Chrono Boost)  
  20  1:24  Cybernetics Core  
  21  1:29  Probe  
  22  1:36  Pylon  
  22  1:41  Probe  
  22  1:46  Pylon  
  23  1:59  Warp Gate (Chrono Boost)  
  23  2:01  Stalker  
  23  2:02  Stalker  
  27  2:22  Pylon  
  27  2:31  Stalker  
  27  2:32  Stalker  
  31  2:39  Gateway  
  31  2:50  Gateway  
  31  2:56  Shield Battery  
  31  3:16  Pylon  
  31  3:34  Stalker  
  31  3:35  Stalker x2  
  37  3:46  Stalker  
  35  3:58  Stalker x3  
  41  4:08  Pylon  
  39  4:14  Stalker  
  39  4:16  Pylon  
Show
View Real Time Build Order
Export as new Build Order

MaxPax Protoss - Winner!

Build Orders: Proxy Void Ray 

Get SALT Encoding   

  12  0:00  Probe  
  13  0:12  Probe  
  14  0:19  Pylon  
  14  0:24  Probe  
  15  0:38  Probe (Chrono Boost)  
  15  0:39  Gateway  
  16  0:46  Probe (Chrono Boost)  
  16  0:47  Assimilator  
  17  0:52  Probe  
  18  1:04  Probe  
  19  1:16  Probe (Chrono Boost), Assimilator  
  20  1:18  Pylon  
  21  1:26  Cybernetics Core, Probe (Chrono Boost)  
  21  1:31  Probe (Chrono Boost)  
  21  1:36  Zealot  
  24  1:42  Probe  
  25  1:54  Probe  
  26  2:03  Stargate  
  26  2:08  Warp Gate  
  26  2:19  Nexus  
  26  2:27  Stalker  
  28  2:35  Shield Battery  
  28  2:40  Pylon  
  28  3:01  Probe  
  28  3:02  Void Ray (Chrono Boost)  
  32  3:08  Stalker  
  34  3:13  Probe  
  35  3:31  Void Ray (Chrono Boost)  
  35  3:34  Shield Battery  
  39  3:41  Probe  
  40  3:53  Probe  
  39  3:56  Stalker  
  39  3:57  Forge  
Tags
 
Add a new tag
Caveats
  • Supply blocks, unpowered buildings, or Contaminate may cause inaccurate times.
  • Supply counts are checked every 10 seconds.